 Dungeon Crawl Stone Soup version 0.27.1-34-g3ba077fa99 (webtiles) character file.

Game seed: 12776091946555041501

126 pkoi the Insei (level 4, -4/38 HPs)
             Began as a Draconian Monk on Jan 13, 2022.
             Slain by a scorpion (6 damage)
             ... on level 3 of the Dungeon.
             The game lasted 00:04:45 (3324 turns).

pkoi the Insei (Draconian Monk)                     Turns: 3324, Time: 00:04:46

Health: -4/38      AC:  6    Str: 13    XL:     4   Next: 83%
Magic:  4/4        EV: 12    Int: 12    God:
Gold:   116        SH:  5    Dex: 11    Spells: 3/3 levels left

rFire    . . .     SeeInvis +     - Unarmed
rCold    . . .     Faith    .   (no shield)
rNeg     . . .     Spirit   .   (armour unavailable)
rPois    .         Reflect  +   (helmet restricted)
rElec    .         Harm     .   d - +0 cloak
rCorr    .         Rampage  .   (no gloves)
Will     .....                  (no boots)
Stlth    ++........             a - amulet of reflection
HPRegen  0.12/turn              b - ring of see invisible
MPRegen  0.09/turn              (no ring)

@: lethally poisoned (-4 -> -9), flying
A: AC +5, unfitting armour, cold-blooded, talons 1, clumsy 1
a: no special abilities


You were on level 3 of the Dungeon.
You visited 1 branch of the dungeon, and saw 4 of its levels.

You collected 116 gold pieces.

Inventory:

Hand Weapons
 g - a +0 dagger
Missiles
 h - 13 poisoned darts (quivered)
Armour
 d - a +0 cloak (worn)
Jewellery
 a - an amulet of reflection (around neck)
 b - a ring of see invisible (left hand)


   Skills:
 + Level 3.2 Fighting
 + Level 2.7 Dodging
 - Level 1.7 Stealth
 + Level 5.6 Unarmed Combat


You had 3 spell levels left.
You didn't know any spells.
Your spell library was empty.

Dungeon Overview and Level Annotations

Branches:
Dungeon (4/15)
 Temple: D:4-7

Altars:
Ashenzari
Nemelex Xobeh

Shops:
D:4 ?

Annotations:
D:1 1 runed translucent door
D:3 Sigmund
D:4 Eustachio


Innate Abilities, Weirdness & Mutations

Your plain brown scales are hard. (AC +5)
You cannot fit into any form of body armour.
You are cold-blooded and may be slowed by cold attacks.
You have sharp toenails.
You are clumsy. (Dex -2)


Message History

You feel sick. The scorpion misses you.
You hit the scorpion but do no damage.
The scorpion is moderately wounded.
You feel sick. The scorpion barely misses you.
It was a potion of mutation.
You feel extremely strange.
You feel clumsy.
Your toenails lengthen and sharpen.
You feel sick. You block the scorpion's attack.
It was a potion of curing.
You feel better. You block the scorpion's attack.
You closely miss the scorpion.
The scorpion is moderately wounded.
The scorpion stings you!
* * * LOW HITPOINT WARNING * * *
You hit the scorpion. You claw the scorpion.
The scorpion is heavily wounded.
The scorpion stings you.
* * * LOW HITPOINT WARNING * * *
You are lethally poisoned!
The scorpion poisons you!
It was a potion of flight.
You feel very buoyant.
You fly up into the air.
* * * LOW HITPOINT WARNING * * *
You feel very sick. The scorpion barely misses you.
The scorpion closely misses you.
As you read the scroll labelled EDWOAL IFUAR, it crumbles to dust.
It is a scroll of amnesia.
You feel forgetful for a moment.
* * * LOW HITPOINT WARNING * * *
You feel very sick.
The scorpion stings you but does no damage.
You closely miss the scorpion.
The scorpion is heavily wounded.
* * * LOW HITPOINT WARNING * * *
You feel sick.
The scorpion stings you but does no damage.
You hit the scorpion.
The scorpion is severely wounded.
* * * LOW HITPOINT WARNING * * *
You feel sick. The scorpion stings you.
You die...

.####.##.... ......
...........#....
#..........###..!..
#....).... ..........$.. ....
#.#..#.... #..........##...
#..#.##. #..............
#....... #..........# .# .##
##.#.### #..........##.#.....
...#.# #..........s@....#
#####.###
#.......[..#.......######...#
##.####>.#.#.......#........#
#.####..#.........#.####...#
#.......###.......#.#####.##
#######.# #.......#.##....#
#.# #...[...#.##.##.#
##.###.......#.......#
###...# ### ####.####


You could see a scorpion.

Vanquished Creatures
  Terence (D:3)
  An adder (D:2)
  A worm (D:3)
  3 dart slugs
  4 orcs
  8 endoplasms
  A giant cockroach (D:1)
  10 goblins
  10 hobgoblins
  3 jackals
  4 kobolds
  2 quokkas
  5 ball pythons
  2 bats
  4 frilled lizards (D:1)
  13 rats
72 creatures vanquished.

Notes
Turn   | Place    | Note
-------+----------+-------------------------------------------
     0 | D:1      | pkoi the Draconian Monk began the quest for the Orb.
     0 | D:1      | Reached XP level 1. HP: 19/19 MP: 1/1
     1 | D:1      | Found a runed translucent door.
   494 | D:1      | Reached XP level 2. HP: 26/26 MP: 2/2
   727 | D:1      | Reached skill level 4 in Unarmed Combat
   893 | D:1      | Reached XP level 3. HP: 30/31 MP: 3/3
  2176 | D:2      | Reached XP level 4. HP: 38/38 MP: 4/4
  2392 | D:2      | Found a faded altar of an unknown god.
  2561 | D:2      | Reached skill level 5 in Unarmed Combat
  2661 | D:3      | Noticed Terence
  2767 | D:3      | Found a broken altar of Ashenzari.
  2792 | D:3      | Noticed Sigmund
  2929 | D:3      | Found a sparkling altar of Nemelex Xobeh.
  3191 | D:4      | Noticed Eustachio
  3213 | D:3      | Killed Terence
  3303 | D:4      | Found Qeinaarr's Magic Scroll Emporium.
  3303 | D:4      | Noticed a scorpion
  3304 | D:4      | Noticed a necrophage
  3317 | D:3      | Gained mutation: You are clumsy. (Dex -2) [potion of
                  | mutation]
  3317 | D:3      | Gained mutation: You have sharp toenails. [potion of
                  | mutation]
  3324 | D:3      | Slain by a scorpion

Illustrated notes

Levels and vault maps discovered:
D:1:      dpeg_arrival_caged_fury, layout_basic
D:2:      layout_loops_ring, shapermc_ecumenical_altar_petra
D:3:      layout_loops_cross, nemelex_diamond_rough_becter, ashenzari_altar_1,
          uniq_sigmund, uniq_terence
D:4:      layout_basic, minmay_temple_entry_stoned_glass, serial_shops,
          nicolae_shop_trees, uniq_eustachio

Skill      XL: |  1  2  3  4 |
---------------+-------------+-----
Unarmed Combat | 4 5 |  5.6
Fighting       | |  3.2
Dodging        | |  2.7
Stealth        | |  1.7

Action                   |  1- 3 |  4- 6 || total
-------------------------+-------+-------++-------
Melee: Unarmed           |   141 |    86 ||   227
       Tailslap          |    13 |     8 ||    21
       Punch             |     2 |     1 ||     3
       Kick              |       |     1 ||     1
  Use: Scroll            |     3 |     1 ||     4
       Potion            |       |     3 ||     3
 Stab: Sleeping          |    15 |     3 ||    18
Armor: Skin              |    24 |    24 ||    48
Dodge: Dodged            |    51 |    50 ||   101
Block: Other             |    17 |    29 ||    46
